 Dungeon Crawl Stone Soup version 0.17-a0-1210-g1e4f09d (webtiles) character file.

27202 Zwobot the Cruncher (level 13, -12/96 HPs)
             Began as a Mummy Wanderer on June 3, 2015.
             Was an Initiate of Gozag.
             Mangled by a spiny frog (15 damage)
             ... on level 4 of the Lair of Beasts.
             The game lasted 02:03:38 (28644 turns).

Zwobot the Cruncher (Mummy Wanderer)               Turns: 28644, Time: 02:03:38

Health: -12/96     AC:  8    Str: 11    XL:     13   Next: 3%
Magic:  2/16       EV: 16    Int: 19    God:    Gozag
Gold:   1751       SH:  0    Dex: 13    Spells: 6 memorised, 2 levels left

rFire  . . .     SeeInvis .     G - +1 lajatang
rCold  + . .     Clarity  .     U - +2 robe {rF+}
rNeg   + + +     SustAt   +     (no shield)
rPois  ∞         Gourm    .     (no helmet)
rElec  .         Spirit   .     h - +2 cloak
rCorr  .         Warding  +     O - +0 pair of gloves
rMut   .         Stasis   .     (no boots)
MR     +....                    V - amulet of warding
Stlth  +.........               (no ring)
                                T - ring of sustain attributes

@: very slightly contaminated, repel missiles, somewhat resistant to hostile
enchantments, very unstealthy
A: no food or potions, fire vulnerability, cold resistance 1, negative energy
resistance 3, torment resistance, unbreathing, in touch with death 1, restore
body
a: Self-Restoration, Potion Petition, Call Merchant, Bribe Branch, Renounce
Religion


You were on level 4 of the Lair of Beasts.
You worshipped Gozag.
Gozag was noncommittal.
You were not hungry.

You visited 3 branches of the dungeon, and saw 16 of its levels.
You also visited: Ossuary.

You collected 4113 gold pieces.
You spent 252 gold pieces at shops.
You paid 2110 gold pieces to Gozag.

Inventory:

Hand weapons
 a - a +2 dagger of venom
 b - a +1 short sword of electrocution
 d - a +0 dagger
 i - a +1 short sword
 k - a +0 mace
 l - a +1 dagger of electrocution
 m - a +0 spear
 w - a +1 flail of protection
 F - a +0 great sword
 G - a +1 lajatang (weapon)
 M - a +0 quarterstaff
Missiles
 e - 307 stones
 r - 5 tomahawks (quivered)
 A - 12 poisoned needles
 K - 3 curare-tipped needles
Armour
 c - a +0 robe
 f - a +0 plate armour
 h - a +2 cloak (worn)
 n - the +5 ring mail of the Manifold Demons {+Fly MR++}
   (You found it on level 5 of the Dungeon)

   It affects your resistance to hostile enchantments.
   It lets you fly.
 o - the +5 chain mail of Contentment {Slay+2}
   (You found it on level 1 of the Lair of Beasts)

   It affects your accuracy and damage with ranged weapons and melee attacks
   (+2).
 p - the +1 robe of Dosch {Dex+6}
   (You found it on level 3 of the Lair of Beasts)

   It affects your dexterity (+6).
 O - a +0 pair of gloves (worn)
 U - a +2 robe of fire resistance (worn)
Magical staves
 z - an uncursed staff of earth
Jewellery
 x - an uncursed amulet of faith
 y - an uncursed amulet of stasis
 T - a ring of sustain attributes (left hand)
 V - an amulet of warding (around neck)
Magical devices
 v - a wand of magic darts (22)
 B - a wand of random effects (0)
 C - a wand of random effects (21)
 H - a wand of paralysis (3)
 I - a wand of disintegration (9)
 P - a wand of flame (27)
 Q - a wand of magic darts (22)
 R - a wand of random effects (29)
Scrolls
 g - 7 scrolls of remove curse
 j - 4 scrolls of recharging
 t - 2 scrolls of magic mapping
 u - 2 scrolls of immolation
 D - a scroll of fear
 E - 3 scrolls of teleportation
 N - 3 scrolls of fog
Books
 q - a book of Frost

   Spells                             Type                      Level
   a - Freeze                         Ice                          1
   b - Throw Frost                    Conjuration/Ice              2
   c - Ozocubu's Armour               Charms/Ice                   3
   d - Throw Icicle                   Conjuration/Ice              4
   e - Summon Ice Beast               Ice/Summoning                4
   f - Condensation Shield            Ice                          4
 s - the Tome of Vitriolic Damage Dealing

   Spells                             Type                      Level
   a - Sting                          Conjuration/Poison           1
   b - Mephitic Cloud                 Conjuration/Poison/Air       3
 J - a book of Air

   Spells                             Type                      Level
   a - Shock                          Conjuration/Air              1
   b - Swiftness                      Charms/Air                   2
   c - Repel Missiles                 Charms/Air                   2
   d - Static Discharge               Conjuration/Air              3
   e - Lightning Bolt                 Conjuration/Air              5
 L - a book of Maledictions

   Spells                             Type                      Level
   a - Corona                         Hexes                        1
   b - Ensorcelled Hibernation        Hexes/Ice                    2
   c - Confuse                        Hexes                        3
   d - Tukima's Dance                 Hexes                        3
   e - Dazzling Spray                 Conjuration/Hexes            3
 S - a Fen Folio

   Spells                             Type                      Level
   a - Corpse Rot                     Necromancy                   2
   b - Stone Arrow                    Conjuration/Earth            3
   c - Leda's Liquefaction            Hexes/Earth                  4
   d - Summon Forest                  Summoning/Translocation      5
   e - Hydra Form                     Transmutation                6
   f - Summon Hydra                   Summoning                    7


   Skills:
 - Level 7.1 Fighting
 - Level 9.4 Staves
 - Level 1.0 Throwing
 - Level 5.2 Armour
 - Level 7.2 Dodging
 + Level 2.0 Spellcasting
 - Level 6.1 Conjurations
 - Level 1.5 Charms
 * Level 5.4 Summonings
 * Level 6.1 Ice Magic
 - Level 5.0 Air Magic
 - Level 4.0 Poison Magic
 - Level 1.0 Evocations


You had 2 spell levels left.
You knew the following spells:

 Your Spells              Type           Power        Failure   Level  Hunger
a - Freeze                Ice            ####         1%          1    N/A
b - Mephitic Cloud        Conj/Pois/Air  ###.....     8%          3    N/A
c - Throw Frost           Conj/Ice       ####..       1%          2    N/A
d - Repel Missiles        Chrm/Air       ##....       10%         2    N/A
e - Swiftness             Chrm/Air       ##......     10%         2    N/A
f - Summon Ice Beast      Ice/Summ       ###.....     17%         4    N/A

Dungeon Overview and Level Annotations

Branches:
Dungeon (11/15)            Temple (1/1) D:7            Lair (4/8) D:10
    Orc (0/4) D:10
  Swamp: Lair:3-6    Shoals: Lair:3-6     Snake: Lair:3-6    Spider: Lair:3-6

Altars:
Ashenzari
Gozag
Makhleb
Nemelex Xobeh
Okawaru
Qazlal
Trog
Yredelemnul
The Shining One

Shops:
D:9 *   D:15 [

Annotations:
D:4 exclusion: downstairs
D:5 SWAGNEMITE's ghost, experienced MiFi; Sigmund


Innate Abilities, Weirdness & Mutations

You do not eat or drink.
Your flesh is vulnerable to fire.
You are immune to poison.
Your flesh is cold resistant.
You are immune to negative energy.
You are immune to unholy pain and torment.
You can survive without breathing.
You are in touch with the powers of death.
You can restore your body by infusing magical energy.


Message History

You are very lightly contaminated with residual magic.
Wisps of condensation drift from your hands.
Casting: Summon Ice Beast
Confirm with . or Enter, or press ? or * to list all spells.
A chill wind blows around you. The spiny frog stings you!!
* * * LOW HITPOINT WARNING * * *
The spiny frog stings you.
* * * LOW HITPOINT WARNING * * *
You can't drink.
Unknown command.
Casting: Summon Ice Beast
Confirm with . or Enter, or press ? or * to list all spells.
Aiming: Freeze
Press: ? - help, Shift-Dir - straight line, f/p - spiny frog
Aim: a spiny frog (almost dead)
You freeze the spiny frog.
The spiny frog is almost dead.
The spiny frog stings you!
You die...
Your body crumbles into a pile of gold.

##...#######....
#..#####..#
#.#...#.P.##...
##....##...##
##............#
#P....##.....
#.............##
#P...........
.......##.#....###
##..###......
#P.#P..####......#
##.P# #..!...
#####....#....Y.##
#..## ##P....
#..).....##.F#####.##
##.###
#....##..###@..##...#
### #...####.#
##..#..### #...# #.##
##.....# ##..# #..##
##.#### ###
#....##...# ###
####.# #..##....##
##...#.
....####..####
#...... #.....# ###
##...#.#
#...######.###..#####


You could see a spiny frog and a friendly ice beast.

Vanquished Creatures
  Josephine (Lair:4)
  A queen ant (D:10)
  An unseen horror (D:10)
  A hill giant (D:10)
  An ugly thing (D:10)
  5 elephants (Lair:1)
  Maurice (D:9)
  5 spiny frogs
  2 black mambas (Lair:2)
  4 komodo dragons
  A troll (D:9)
  6 blink frogs
  A two-headed ogre (D:9)
  A wyvern (D:10)
  3 deep elf magi
  4 wraiths (Lair:4)
  32 yaks
  A steam dragon (D:9)
  4 hippogriffs (Lair:1)
  2 basilisks (Lair:1)
  Menkaure (D:5)
  A human (D:8)
  4 soldier ants
  A warg (D:10)
  4 wolves (Lair:1)
  6 orc warriors
  7 water moccasins
  5 porcupines
  3 ice beasts
  2 necrophages
  An eye of draining (D:8)
  A phantom (D:8)
  A sky beast (D:10)
  10 ogres
  A black bear (Lair:1)
  6 centaurs
  8 crocodiles
  16 big kobolds (D:10)
  15 giant frogs
  8 killer bees
  A water moccasin skeleton (D:5)
  2 scorpions
  10 wights
  3 jellies
  A wasp zombie (D:7)
  A giant frog zombie (D:10)
  2 quasits
  2 hounds
  8 orc wizards
  A crimson imp (D:9)
  A human zombie (Ossuary)
  8 orc priests
  6 iguanas
  A centaur skeleton (D:8)
  A gnoll shaman (D:7)
  Terence (D:3)
  2 giant frog skeletons (D:6)
  Natasha (twice) (D:2)
  20 worker ants
  A killer bee zombie (D:8)
  19 sheep
  3 big kobold zombies (Ossuary)
  A hound zombie (D:7)
  2 mummies (Ossuary)
  21 gnolls
  44 river rats
  A shadow imp (D:7)
  6 adders
  4 oozes
  2 worms
  3 adder skeletons
  4 giant geckos
  61 orcs
  A ball python (D:6)
  16 bats
  A bat skeleton (D:3)
  A bat zombie (D:7)
  3 gnoll zombies (Ossuary)
  19 hobgoblins
  21 jackals
  2 quokkas
  3 giant cockroaches
  8 giant newts
  12 goblins
  2 goblin zombies (Ossuary)
  2 hobgoblin zombies (Ossuary)
  29 kobolds
  3 orc zombies (Ossuary)
  15 rats
561 creatures vanquished.

Vanquished Creatures (collateral kills)
  A hydra (Lair:4)
  A water moccasin (Lair:4)
  A killer bee (D:10)
  2 worker ants (D:10)
  An orc (D:10)
6 creatures vanquished.

Vanquished Creatures (others)
  A soldier ant (D:10)
  3 ice beasts (Lair:4)
  2 fungi
  A plant (Lair:2)
7 creatures vanquished.

Grand Total: 574 creatures vanquished

Notes
Turn   | Place    | Note
--------------------------------------------------------------
     0 | D:1      | Zwobot the Mummy Wanderer began the quest for the Orb.
     0 | D:1      | Zwobot set off with: a book of Frost, the Tome of Vitriolic Damage Dealing, a +0 robe, a +0 dagger
     0 | D:1      | Reached XP level 1. HP: 16/16 MP: 3/3
     0 | D:1      | Identified the Tome of Vitriolic Damage Dealing
     2 | D:1      | Learned a level 1 spell: Freeze
   359 | D:1      | Reached XP level 2. HP: 22/22 MP: 3/5
  1621 | D:1      | Reached XP level 3. HP: 27/27 MP: 3/6
  1705 | D:2      | Learned a level 3 spell: Mephitic Cloud
  1708 | D:2      | Learned a level 2 spell: Throw Frost
  1757 | D:2      | Noticed Natasha
  1766 | D:2      | Killed Natasha
  1766 | D:2      | Reached skill level 3 in Ice Magic
  2001 | D:2      | Found a shattered altar of Ashenzari.
  2483 | D:2      | Noticed Natasha
  2713 | D:3      | Reached XP level 4. HP: 28/33 MP: 0/7
  3036 | D:2      | Killed Natasha
  3656 | D:3      | Reached skill level 4 in Ice Magic
  3745 | D:3      | Reached XP level 5. HP: 33/38 MP: 4/8
  3827 | D:3      | Reached skill level 1 in Conjurations
  3922 | D:3      | Noticed Terence
  4334 | D:5      | Entered Level 5 of the Dungeon
  4360 | D:5      | Noticed a centaur
  4361 | D:5      | Got a twisted ring mail
  4553 | D:4      | Identified the +5 ring mail of the Manifold Demons {+Fly MR++} (You found it on level 5 of the Dungeon)
  4563 | D:3      | Killed Terence
  5348 | D:5      | Noticed Sigmund
  5348 | D:5      | Noticed an ogre
  5349 | D:5      | Noticed an ogre
  5560 | D:4      | Noticed an ogre
  5893 | D:4      | Killed an ogre
  5893 | D:4      | Reached skill level 1 in Armour
  5893 | D:4      | Reached XP level 6. HP: 3/44 MP: 0/9
  7293 | D:5      | Noticed Menkaure
  7296 | D:5      | Noticed SWAGNEMITE's ghost (experienced MiFi)
  7482 | D:6      | Reached XP level 7. HP: 44/50 MP: 10/10
  7558 | D:6      | Reached skill level 1 in Poison Magic
  7567 | D:6      | Reached skill level 1 in Air Magic
  8134 | D:6      | Found a glowing golden altar of the Shining One.
  8467 | D:6      | Reached XP level 8. HP: 56/56 MP: 3/11
  8603 | D:5      | Killed a centaur
  9585 | D:7      | Found a staircase to the Ecumenical Temple.
  9613 | Temple   | Entered the Ecumenical Temple
  9627 | Temple   | Became a worshipper of Gozag Ym Sagoz the Greedy
  9706 | D:7      | Found a bloodstained altar of Trog.
 10133 | D:7      | Found an iron altar of Okawaru.
 10608 | D:5      | Killed an ogre
 10608 | D:5      | Reached XP level 9. HP: 61/61 MP: 8/12
 10627 | D:5      | Killed Menkaure
 11566 | D:8      | Found a sand-covered staircase.
 11576 | Ossuary  | Entered an ossuary
 12153 | D:8      | Reached skill level 5 in Air Magic
 12312 | D:8      | Reached skill level 5 in Conjurations
 12524 | D:8      | Reached skill level 5 in Armour
 13276 | D:9      | Found Jant's Assorted Antiques.
 13321 | D:9      | Reached XP level 10. HP: 51/73 MP: 2/13
 13545 | D:9      | Reached skill level 5 in Fighting
 13803 | D:9      | Reached skill level 6 in Conjurations
 13926 | D:9      | Bought a scroll labeled ZIKINW FOINAIRHEI for 36 gold pieces
 14206 | D:9      | Reached skill level 1 in Staves
 14383 | D:9      | Bought a scroll of identify for 72 gold pieces
 14383 | D:9      | Bought a scroll of identify for 72 gold pieces
 14383 | D:9      | Bought a scroll of identify for 72 gold pieces
 14560 | D:9      | Noticed Maurice
 14583 | D:9      | Killed Maurice
 15053 | D:9      | Learned a level 2 spell: Repel Missiles
 15057 | D:9      | Learned a level 2 spell: Swiftness
 15174 | D:10     | Entered Level 10 of the Dungeon
 15573 | D:10     | Found a staircase to the Lair.
 15578 | Lair:1   | Entered Level 1 of the Lair of Beasts
 15754 | D:10     | Reached skill level 5 in Staves
 15754 | D:10     | Reached XP level 11. HP: 66/81 MP: 8/14
 15791 | D:10     | Noticed a queen ant
 15811 | D:10     | Killed a queen ant
 16420 | D:10     | Noticed a hill giant
 16477 | D:9      | HP: 4/81 [warg (13)]
 17293 | D:10     | Reached skill level 5 in Dodging
 18269 | D:10     | Reached skill level 7 in Staves
 18490 | D:10     | Killed an unseen horror
 19004 | D:10     | Killed a hill giant
 19129 | D:10     | Found a staircase to the Orcish Mines.
 19470 | Lair:1   | Reached skill level 8 in Staves
 19679 | Lair:1   | Got a transparent chain mail
 19700 | Lair:1   | Identified the +5 chain mail of Contentment {Slay+2} (You found it on level 1 of the Lair of Beasts)
 20598 | Lair:2   | Reached XP level 12. HP: 41/88 MP: 10/15
 21060 | Lair:1   | Reached skill level 9 in Staves
 21404 | Lair:2   | Noticed an eight-headed hydra
 24259 | Lair:1   | Learned a level 4 spell: Summon Ice Beast
 24422 | Lair:1   | Reached skill level 1 in Summonings
 25000 | Lair:2   | Reached skill level 5 in Ice Magic
 26304 | Lair:3   | Got a silken robe
 26343 | Lair:3   | Identified the +1 robe of Dosch {Dex+6} (You found it on level 3 of the Lair of Beasts)
 27510 | Lair:4   | Noticed Josephine
 27529 | Lair:4   | Killed Josephine
 27545 | Lair:4   | Reached skill level 5 in Summonings
 27982 | Lair:4   | Noticed a six-headed hydra
 28008 | Lair:4   | Killed a six-headed hydra
 28228 | Lair:4   | Gained mutation: You are in touch with the powers of death. [Mummy growth]
 28228 | Lair:4   | Gained mutation: You can restore your body by infusing magical energy. [Mummy growth]
 28228 | Lair:4   | Reached XP level 13. HP: 96/96 MP: 4/16
 28643 | Lair:4   | HP: 3/96 [spiny frog (6)]
 28644 | Lair:4   | Mangled by a spiny frog

Vault maps used:
D:1:      shiori_arrival_maze
D:2:      minivault_26, supply_closet_lemuel, nicolae_ashenzari_panopticon,
          uniq_natasha
D:3:      first_bread, uniq_terence
D:5:      uniq_menkaure, uniq_crazy_yiuf_cottage, uniq_sigmund
D:6:      glass_columns_b, nicolae_tso_carved_into_rock
D:7:      lightli_temple_of_fire, temple_statues, minmay_misc_feat_enclosed,
          okawaru_altar_gauntlet_db
D:8:      enter_ossuary_5, grunt_livestock
D:9:      uniq_maurice
D:10:     lair_0_dummy, david_orc_3, minmay_another_anthill
Temple:   grunt_circular_temple_18
Lair:1:   serial_bayou_shore_b
Lair:3:   lemuel_fruit_fields
Lair:4:   nicolae_spider_entry_orb_guardian, grunt_megastairs_2, uniq_josephine
Ossuary:  minmay_ossuary_gauntlet

Action                   |  1- 3 |  4- 6 |  7- 9 | 10-12 | 13-15 || total
-------------------------+-------+-------+-------+-------+-------++-------
Melee: Dagger            |    29 |    15 |    83 |   237 |       ||   364
       Short sword       |     4 |   186 |   435 |    79 |       ||   704
       Flail             |       |     1 |       |       |       ||     1
       Lajatang          |       |       |       |  1097 |    36 ||  1133
Throw: Stone             |    26 |    36 |     8 |    13 |       ||    83
       Tomahawk          |       |     5 |     8 |    10 |       ||    23
 Cast: Freeze            |    61 |    90 |    85 |    60 |     4 ||   300
       Throw Frost       |       |     8 |     4 |    19 |     1 ||    32
       Mephitic Cloud    |       |       |    33 |   118 |       ||   151
       Repel Missiles    |       |       |       |     4 |       ||     4
       Swiftness         |       |       |       |     6 |       ||     6
       Summon Ice Beast  |       |       |       |     5 |     3 ||     8
Invok: Call Merchant     |       |       |     1 |     1 |       ||     2
       Potion Petition   |       |       |       |     3 |       ||     3
Evoke: Wand              |       |       |       |    15 |       ||    15
  Use: Scroll            |     2 |     4 |     1 |    13 |       ||    20
 Stab: Sleeping          |     2 |       |       |       |       ||     2
       Confused          |       |       |    13 |    61 |       ||    74
       Distracted        |       |       |     3 |     8 |     1 ||    12
       Paralysed         |       |       |       |     2 |       ||     2
